 Dungeon Crawl Stone Soup version 0.17-a0-1731-g129c023 (webtiles) character file.

1920 KambridgeKobold the Skirmisher (level 8, -6/67 HPs)
             Began as a Demonspawn Berserker on Aug 29, 2015.
             Was a Priest of Trog.
             Killed by nerve-wracking pain
             ... invoked by Menkaure
              (11 damage)
             ... on level 6 of the Dungeon.
             The game lasted 00:29:11 (6391 turns).

KambridgeKobold the Skirmisher (DsBe)               Turns: 6391, Time: 00:29:11

Health: -6/67      AC: 16    Str: 21    XL:     8   Next: 95%
Magic:  8/8        EV:  9    Int:  8    God:    Trog [***...]
Gold:   321        SH:  0    Dex: 15    Spells: 0 memorised, 7 levels left

rFire  . . .     SeeInvis .     b - +1 spear
rCold  + . .     Clarity  +     A - +0 chain mail
rNeg   . . .     SustAt   .     (no shield)
rPois  .         Gourm    .     (helmet restricted)
rElec  .         Spirit   .     I - +2 cloak
rCorr  .         Warding  .     h - +0 pair of gloves {Str+3}
rMut   .         Stasis   .     (no boots)
MR     .....                    y - amulet of clarity
Stlth  ..........               (no ring)
                                (no ring)

@: exhausted, slowed, very slow, not resistant to hostile enchantments,
extremely unstealthy
A: horns 2, icy blue scales 3
a: Burn Spellbooks, Berserk, Trog's Hand, Renounce Religion


You were on level 6 of the Dungeon.
You worshipped Trog.
Trog was most pleased with you.
You were near starving.

You visited 1 branch of the dungeon, and saw 7 of its levels.

You collected 321 gold pieces.

Inventory:

Hand weapons
 a - a +0 war axe
 b - a +1 spear (weapon)
 M - a +1 whip of electrocution
Armour
 h - a +0 pair of gloves of strength (worn)
 p - a +0 animal skin
 A - a +0 chain mail (worn)
 I - a +2 cloak (worn)
 N - a +2 ring mail of cold resistance
 P - a +0 plate armour
Jewellery
 y - an amulet of clarity (around neck)
Magical devices
 z - a wand of cold (4)
 B - a wand of frost (27)
 G - a wand of flame (23)
 H - a wand of cold (5)
Scrolls
 f - 2 scrolls of enchant weapon
 l - 2 scrolls of remove curse {unknown}
 m - 2 scrolls of amnesia
 n - 2 scrolls of recharging {unknown}
 o - 2 scrolls of fog
 w - 5 scrolls of identify
 x - a scroll of noise {unknown}
 D - 2 scrolls of blinking {unknown}
 E - a scroll of magic mapping {unknown}
 F - a scroll of enchant armour {unknown}
 L - a scroll of silence {unknown}
 Q - a scroll of random uselessness {unknown}
Potions
 d - a potion of haste
 e - a potion of agility {unknown}
 i - 3 potions of might
 j - a potion of heal wounds {unknown}
 k - 4 potions of curing
 q - a potion of invisibility {unknown}
 s - a potion of degeneration {unknown}
 t - a potion of cancellation {unknown}
 u - a potion of flight {unknown}
 v - a potion of mutation {unknown}
 J - a potion of poison {unknown}
 K - a potion of resistance {unknown}
Books
 C - a Fen Folio

   Spells                             Type                      Level
   a - Corpse Rot                     Necromancy                   2
   b - Stone Arrow                    Conjuration/Earth            3
   c - Leda's Liquefaction            Hexes/Earth                  4
   d - Summon Forest                  Summoning/Translocation      5
   e - Hydra Form                     Transmutation                6
   f - Summon Hydra                   Summoning                    7
   Trog disapproves of the use of such an item.
Comestibles
 c - 7 bread rations
 g - 3 meat rations
 r - 6 fruits
 O - 5 chunks of flesh


   Skills:
 + Level 7.3 Fighting
 + Level 6.9 Axes
 * Level 1.8 Armour
 - Level 6.1 Dodging


You had 7 spell levels left.
You didn't know any spells.

Dungeon Overview and Level Annotations

Branches:
Dungeon (7/15)             Temple (0/1) D:5

Altars:
Cheibriados
Dithmenos
Elyvilon
Fedhas
Gozag
Kikubaaqudgha
Sif Muna
Trog
Zin

Annotations:
D:6 Menkaure


Innate Abilities, Weirdness & Mutations

You have a pair of horns on your head.
You are completely covered in icy blue scales (AC +4, EV -1, rC+).


Message History

The adder bites you but does no damage.
Menkaure points at you and mumbles some strange words.
Pain shoots through your body!
* * * LOW HITPOINT WARNING * * *
You climb downwards.
You feel sick.
There is a stone staircase leading up here.
Menkaure hits you.
* * * LOW HITPOINT WARNING * * *
You climb upwards.
There is a stone staircase leading down here.
Read which item? (? for menu, Esc to quit)
As you read the scroll labeled XYAZXE SUYRAGG, it crumbles to dust.
The scroll dissolves into smoke.
It was a scroll of fog.
You feel sick.
You are no longer poisoned.
Menkaure is no longer moving quickly.
Menkaure casts a spell.
Menkaure seems to speed up.
Menkaure casts a spell at you. Pain shoots through your body!
You die...

...............# ####........##
...............###.........#..#
.....$.............##...#..# ..
...............####.....#.## #
####...........##......#.####
..............................
######.#..###................#
#.#..# ###§§............#
..#..#####@#....÷......#
..##......§§M§.##.....#.# #.#
##.......§..##...#.# ..
#..........###..## ..
#........#.....## ..
#........#..#)##
#........#..#.#
##.>.........[.####
..............<...##


You could see Menkaure.

Vanquished Creatures
  Pikel (D:6)
  The ghost of cireshan the Conjurer, an average DECj (D:4)
  Duvessa (D:4)
  An ice beast (D:6)
  An orc warrior (D:6)
  4 slaves (D:6)
  An ogre (D:4)
  A phantom (D:4)
  3 giant frogs
  Dowan (D:4)
  A crimson imp (D:5)
  An iron imp (D:5)
  A giant frog zombie (D:6)
  An orc priest (D:4)
  Ijyb (D:3)
  A hound (D:5)
  A giant frog skeleton (D:5)
  4 worker ants
  3 hound zombies
  2 worker ant zombies (D:3)
  5 adders
  7 gnolls
  An adder zombie (D:5)
  An adder skeleton (D:5)
  A worm (D:3)
  11 orcs
  16 goblins
  4 hobgoblins
  7 kobolds
  3 quokkas (D:3)
  2 ball pythons
  9 bats
  6 giant cockroaches
  3 giant geckos
  5 giant newts
  17 jackals
  4 rats
133 creatures vanquished.

Notes
Turn   | Place    | Note
--------------------------------------------------------------
     0 | D:1      | KambridgeKobold the Demonspawn Berserker began the quest for the Orb.
     0 | D:1      | Reached XP level 1. HP: 18/18 MP: 1/1
   266 | D:1      | Gained mutation: You have a pair of small horns on your head. [demonic ancestry]
   266 | D:1      | Reached XP level 2. HP: 18/24 MP: 2/2
   634 | D:1      | Acquired Trog's second power
   787 | D:2      | Found a faded altar to an unknown god.
  1021 | D:2      | Found an opulent altar of Gozag.
  1032 | D:2      | Reached XP level 3. HP: 27/29 MP: 3/3
  1574 | D:2      | Gained mutation: You are partially covered in icy blue scales (AC +1). [demonic ancestry]
  1574 | D:2      | Reached XP level 4. HP: 36/36 MP: 4/4
  2247 | D:3      | Reached skill level 4 in Fighting
  2247 | D:3      | Reached XP level 5. HP: 42/42 MP: 5/5
  2573 | D:3      | Noticed a giant frog
  2585 | D:3      | Killed a giant frog
  3021 | D:3      | Noticed Ijyb
  3031 | D:3      | Killed Ijyb
  3031 | D:3      | Gained mutation: You are mostly covered in icy blue scales (AC +3, EV -1). [demonic ancestry]
  3031 | D:3      | Reached XP level 6. HP: 49/49 MP: 6/6
  3398 | D:4      | Noticed Dowan
  3400 | D:4      | Noticed Duvessa
  3402 | D:4      | Noticed cireshan's ghost (average DECj)
  3409 | D:4      | Killed Dowan
  3409 | D:4      | Reached skill level 5 in Fighting
  3413 | D:4      | Killed Duvessa
  3413 | D:4      | Gained mutation: You are completely covered in icy blue scales (AC +4, EV -1, rC+). [demonic ancestry]
  3413 | D:4      | Reached XP level 7. HP: 25/56 MP: 7/7
  3428 | D:4      | Killed cireshan's ghost
  3428 | D:4      | Reached skill level 5 in Axes
  4288 | D:4      | Found a deep blue altar of Sif Muna.
  4291 | D:4      | Found an ancient bone altar of Kikubaaqudgha.
  4293 | D:4      | Found a bloodstained altar of Trog.
  4294 | D:4      | Found a blossoming altar of Fedhas.
  4294 | D:4      | Found a shadowy altar of Dithmenos.
  4294 | D:4      | Found a glowing silver altar of Zin.
  4294 | D:4      | Found a white marble altar of Elyvilon.
  4695 | D:5      | Entered Level 5 of the Dungeon
  4730 | D:5      | Found a staircase to the Ecumenical Temple.
  5140 | D:5      | Reached skill level 6 in Fighting
  5261 | D:5      | Gained mutation: You have a pair of horns on your head. [demonic ancestry]
  5261 | D:5      | Reached XP level 8. HP: 58/64 MP: 8/8
  5411 | D:5      | Reached skill level 5 in Dodging
  5481 | D:5      | Found a snail-covered altar of Cheibriados.
  5802 | D:6      | Noticed Pikel
  5832 | D:6      | Killed Pikel
  5832 | D:6      | Reached skill level 7 in Fighting
  6336 | D:6      | Noticed Menkaure
  6391 | D:6      | Killed from afar by Menkaure

Vault maps used:
D:1:      dpeg_arrival_houses_and_road, serial_bayou_lagoon_a
D:2:      overflow_temple_1_default, ecumenical_altar_1, first_bread
D:3:      kennysheep_goblin_castle, kennysheep_generic_room_10
D:4:      grunt_temple_overflow_open, uniq_duvessa
D:5:      temple_hall, chei_slow_surprise
D:6:      nicolae_tso_swordbearing_angel, uniq_menkaure, uniq_pikel
D:7:      cheibriados_altar_wand_db

Action                   |  1- 3 |  4- 6 |  7- 9 || total
-------------------------+-------+-------+-------++-------
Melee: Hand axe          |    59 |     7 |       ||    66
       Spear             |    35 |   150 |   250 ||   435
       War axe           |       |    18 |    48 ||    66
Invok: Berserk           |     1 |     4 |     2 ||     7
       Trog's Hand       |       |     1 |     2 ||     3
  Use: Potion            |       |       |     2 ||     2
       Scroll            |       |       |     4 ||     4
 Stab: Sleeping          |     2 |     3 |       ||     5
  Eat: Chunk             |     3 |     9 |    12 ||    24
